Map: Oxide LE

Players

Nice - Winner!

  • Race: Protoss Protoss

DPGRogue (Rogue)

  • Race: Zerg Zerg

Event: DreamHack SC2 Masters 2021 Summer

VOD

Have the link to the VOD?

Description

Time

  • Played on: July 2, 2021, 9:29 a.m.
  • Length: 13:29

All games in this series

Show
View Real Time Build Order
Export as new Build Order

Nice Protoss - Winner!

Build Orders: 1 Gate Expand, Oracle Opening, Carriers 

Get SALT Encoding   

  12  0:00  Probe  
  13  0:12  Probe  
  14  0:19  Pylon  
  14  0:24  Probe  
  15  0:37  Probe (Chrono Boost)  
  15  0:41  Gateway  
  16  0:49  Probe (Chrono Boost)  
  17  0:50  Assimilator  
  17  0:54  Probe (Chrono Boost)  
  18  1:03  Probe  
  19  1:15  Probe  
  20  1:27  Nexus  
  20  1:37  Cybernetics Core  
  20  1:43  Assimilator  
  20  1:45  Probe  
  21  1:52  Pylon  
  21  1:58  Probe  
  22  2:10  Probe (Chrono Boost), Adept (Chrono Boost)  
  25  2:22  Probe (Chrono Boost)  
  26  2:24  Stargate  
  26  2:29  Probe (Chrono Boost)  
  27  2:31  Warp Gate  
  27  2:35  Adept  
  29  2:39  Probe (Chrono Boost)  
  29  2:41  Probe (Chrono Boost)  
  31  2:48  Probe (Chrono Boost)  
  31  2:51  Probe (Chrono Boost)  
  33  2:53  Probe (Chrono Boost)  
  34  3:00  Probe, Void Ray (Chrono Boost)  
  34  3:05  Probe  
  41  3:12  Probe  
  41  3:15  Pylon  
  41  3:19  Gateway  
  41  3:21  Probe  
  41  3:24  Probe  
  43  3:33  Probe, Oracle (Chrono Boost)  
  44  3:37  Probe  
  48  3:45  Probe  
  49  3:49  Probe  
  49  3:53  Nexus  
  49  3:54  Pylon  
  50  3:57  Probe  
  50  4:01  Probe  
  52  4:03  Assimilator  
  52  4:05  Assimilator  
  52  4:06  Void Ray  
  52  4:10  Probe  
  52  4:15  Probe  
  58  4:18  Pylon  
  58  4:22  Probe  
  58  4:23  Pylon  
  59  4:28  Probe  
  60  4:34  Probe  
  60  4:36  Stargate  
  61  4:39  Forge  
  61  4:40  Probe  
  61  4:43  Void Ray  
  62  4:48  Probe (Chrono Boost)  
  62  4:52  Probe (Chrono Boost)  
  69  5:00  Probe (Chrono Boost)  
  69  5:03  Pylon  
  69  5:05  Probe (Chrono Boost)  
  69  5:06  Robotics Facility  
  70  5:08  Probe (Chrono Boost)  
  70  5:11  Probe (Chrono Boost), Shield Battery  
  70  5:12  Probe (Chrono Boost)  
  73  5:18  Probe (Chrono Boost), Pylon  
  73  5:20  Void Ray x2  
  74  5:23  Probe (Chrono Boost)  
  74  5:28  Probe (Chrono Boost)  
  85  5:32  Probe (Chrono Boost)  
  85  5:33  Probe (Chrono Boost)  
  87  5:36  Probe (Chrono Boost)  
  87  5:37  Probe (Chrono Boost)  
  87  5:40  Probe, Pylon  
  89  5:43  Assimilator  
  89  5:44  Protoss Air Weapons Level 1  
  89  5:46  Probe  
  89  5:49  Assimilator  
  90  5:57  Void Ray  
  90  5:59  Void Ray  
  90  6:00  Probe  
  90  6:01  Probe x2  
  90  6:02  Pylon  
  97  6:07  Photon Cannon  
  97  6:10  Pylon, Robotics Bay  
  101  6:13  Probe  
  101  6:15  Observer (Chrono Boost)  
  101  6:17  Shield Battery  
  103  6:19  Pylon  
  103  6:24  Photon Cannon  
  103  6:34  Void Ray  
  103  6:35  Pylon  
  107  6:50  Void Ray  
  107  6:52  Stargate  
  107  6:53  Photon Cannon  
  107  6:55  Pylon  
  107  6:56  Photon Cannon  
  107  6:58  Photon Cannon  
  107  7:01  Pylon  
  112  7:03  Photon Cannon, Disruptor (Chrono Boost)  
  112  7:04  Shield Battery  
  114  7:14  Void Ray  
  114  7:19  Photon Cannon  
  118  7:23  Shield Battery  
  118  7:24  Shield Battery  
  118  7:26  Shield Battery  
  118  7:27  Pylon, Fleet Beacon  
  118  7:29  Shield Battery  
  118  7:31  Shield Battery  
  118  7:32  Void Ray  
  118  7:34  Pylon  
  118  7:39  Disruptor (Chrono Boost)  
  125  7:45  Pylon  
  125  7:58  Pylon  
  125  8:04  Flux Vanes  
  130  8:18  Carrier x2 (Chrono Boost)  
  130  8:19  Nexus  
  134  8:22  Pylon  
  134  8:24  Probe x3, Assimilator  
  134  8:26  Assimilator  
  137  8:32  Photon Cannon  
  137  8:33  Carrier (Chrono Boost)  
  143  8:34  Photon Cannon  
  143  8:35  Shield Battery  
  143  8:36  Shield Battery  
  143  8:39  Pylon  
  139  8:51  Photon Cannon  
  139  8:53  Photon Cannon  
  137  9:02  Observer  
  138  9:05  Carrier (Chrono Boost)  
  138  9:06  Probe x3  
  138  9:08  Shield Battery  
  138  9:09  Observer  
  147  9:11  Protoss Air Weapons Level 2 (Chrono Boost)  
  147  9:22  Zealot x2  
  147  9:24  Disruptor  
  160  9:43  Carrier (Chrono Boost)  
  160  9:45  Carrier (Chrono Boost)  
  166  9:59  Probe x4  
  170  10:05  Carrier (Chrono Boost)  
  170  10:06  Gateway  
  176  10:07  Gateway  
  176  10:10  Gateway  
  176  10:11  Probe  
  176  10:13  Twilight Council  
  177  10:15  Probe x3  
  177  10:16  Photon Cannon  
  180  10:23  Probe, Pylon  
  180  10:24  Gravitic Boosters  
  181  10:35  Zealot x2  
  185  10:40  Carrier (Chrono Boost)  
  193  10:50  Carrier (Chrono Boost)  
  189  11:00  Carrier (Chrono Boost)  
  187  11:11  Protoss Ground Weapons Level 1 (Chrono Boost)  
  187  11:13  Charge  
  187  11:15  Templar Archives  
  187  11:18  Photon Cannon  
  187  11:22  Photon Cannon x2  
  187  11:24  Shield Battery  
  187  11:32  Pylon  
  187  11:34  Photon Cannon  
  187  11:35  Carrier (Chrono Boost)  
  187  11:37  Shield Battery  
  196  11:55  Carrier (Chrono Boost)  
  196  11:57  Stargate  
  196  11:58  Gateway  
  196  12:00  Gateway, Void Ray (Chrono Boost)  
  200  12:35  Zealot  
Show
View Real Time Build Order
Export as new Build Order

DPGRogue Zerg 

Build Orders: Hatch First, Brood Lord Corruptor 

Get SALT Encoding   

  12  0:00  Drone  
  13  0:12  Overlord  
  13  0:16  Drone  
  14  0:31  Drone  
  15  0:44  Drone x2  
  17  0:54  Hatchery, Drone  
  17  0:58  Drone  
  18  1:09  Extractor  
  17  1:14  Spawning Pool  
  17  1:16  Drone  
  17  1:19  Drone  
  18  1:27  Drone  
  19  1:38  Overlord  
  19  1:50  Drone  
  20  2:00  Queen  
  23  2:01  Zergling x2  
  23  2:05  Queen  
  23  2:06  Zergling x2  
  26  2:13  Drone, Metabolic Boost  
  27  2:17  Drone  
  27  2:22  Drone  
  29  2:28  Drone  
  30  2:34  Drone  
  31  2:41  Drone  
  31  2:42  Hatchery  
  31  2:45  Zergling x2  
  31  2:51  Queen  
  34  2:59  Overlord  
  34  3:01  Drone x2  
  36  3:17  Drone x4  
  36  3:18  Queen  
  36  3:19  Drone x2  
  43  3:25  Overlord  
  43  3:28  Overlord  
  43  3:44  Drone x5  
  48  3:51  Drone, Spore Crawler  
  48  3:54  Drone  
  48  3:55  Queen  
  51  3:56  Queen  
  51  3:58  Drone  
  51  4:01  Drone x3  
  57  4:05  Overlord  
  57  4:08  Drone  
  58  4:12  Drone  
  58  4:16  Roach Warren  
  58  4:18  Drone x2  
  58  4:24  Spore Crawler  
  59  4:26  Drone x4  
  59  4:30  Drone x2  
  65  4:34  Lair  
  65  4:35  Extractor, Queen  
  65  4:38  Overlord  
  66  4:40  Drone x2  
  68  4:47  Overlord  
  68  4:52  Queen  
  70  4:54  Drone x3  
  70  4:56  Evolution Chamber  
  70  4:58  Overlord  
  72  5:00  Spore Crawler  
  72  5:04  Drone x4  
  72  5:05  Drone x2  
  72  5:06  Drone  
  72  5:07  Extractor  
  77  5:09  Extractor  
  77  5:12  Drone x4  
  77  5:13  Drone  
  77  5:14  Extractor  
  80  5:15  Extractor  
  80  5:16  Drone x2  
  81  5:21  Queen  
  81  5:25  Overlord  
  81  5:26  Drone x2  
  81  5:28  Queen  
  85  5:33  Pneumatized Carapace  
  87  5:36  Overseer  
  87  5:38  Drone  
  87  5:41  Drone x2, Zerg Missile Weapons Level 1  
  90  5:47  Glial Reconstitution  
  90  5:50  Overlord  
  90  5:53  Zergling x6  
  90  5:54  Zergling x2  
  90  5:55  Hatchery  
  93  6:01  Overlord  
  93  6:04  Queen  
  93  6:09  Overlord  
  93  6:10  Drone x6  
  101  6:13  Overlord  
  101  6:17  Overseer, Overlord  
  101  6:24  Queen x2  
  105  6:31  Overlord  
  105  6:32  Roach x6  
  116  6:39  Roach  
  118  6:42  Infestation Pit  
  118  6:43  Queen  
  119  6:49  Roach x2  
  119  6:50  Roach x4  
  119  6:51  Overlord  
  119  6:52  Extractor x2  
  119  6:53  Overseer  
  129  6:58  Overlord  
  129  7:02  Roach x4  
  129  7:04  Drone x2  
  129  7:05  Drone  
  129  7:06  Drone  
  140  7:16  Drone  
  140  7:17  Drone x4  
  140  7:18  Drone  
  140  7:20  Drone  
  140  7:21  Spire  
  146  7:24  Drone  
  146  7:28  Spore Crawler  
  146  7:30  Pathogen Glands  
  146  7:40  Zergling x2  
  146  7:41  Zergling x16, Roach  
  157  7:44  Evolution Chamber  
  157  7:45  Hatchery, Overlord  
  155  7:53  Overlord  
  155  7:55  Overlord  
  155  8:04  Overlord  
  151  8:09  Zergling x2, Hive  
  151  8:11  Overlord  
  148  8:14  Roach x10  
  166  8:25  Drone  
  166  8:26  Drone x9  
  176  8:37  Hatchery  
  175  8:45  Overlord x2  
  175  8:50  Hatchery  
  175  8:55  Overlord  
  174  9:00  Overlord x2  
  171  9:06  Corruptor  
  171  9:07  Corruptor x7  
  185  9:12  Overlord  
  185  9:15  Infestor  
  185  9:16  Infestor x3  
  185  9:21  Infestor  
  185  9:22  Infestor  
  187  9:25  Greater Spire  
  187  9:28  Drone x3  
  190  9:41  Zergling x2  
  190  9:42  Zergling x16, Spore Crawler  
  190  9:43  Spore Crawler  
  190  9:45  Spore Crawler  
  196  9:46  Spore Crawler  
  195  10:00  Spore Crawler  
  195  10:01  Spore Crawler x3  
  195  10:02  Spore Crawler  
  195  10:03  Drone, Spore Crawler  
  190  10:07  Spore Crawler, Zerg Missile Weapons Level 2  
  190  10:08  Zerg Melee Weapons Level 1  
  190  10:09  Spore Crawler  
  190  10:14  Hatchery  
  187  10:18  Ravager x5  
  187  10:19  Ravager  
  193  10:28  Spore Crawler  
  193  10:29  Spore Crawler  
  193  10:31  Spore Crawler x2  
  185  10:38  Brood Lord x2  
  185  10:39  Brood Lord x6  
  194  10:44  Zergling x14  
  178  10:59  Corruptor x5  
  178  11:01  Viper x2  
  189  11:04  Drone x3  
  192  11:14  Drone x3  
  195  11:25  Spore Crawler x2  
  193  11:26  Spore Crawler  
  193  11:27  Spore Crawler  
  193  11:30  Zergling x18  
  199  11:59  Overseer x2  
  199  12:00  Overseer  
  199  12:07  Spore Crawler  
  198  12:09  Spore Crawler x3  
  198  12:10  Spore Crawler x2  
  198  12:11  Spore Crawler x3  
  190  12:18  Corruptor x4  
  166  12:38  Corruptor x11  
  184  12:48  Corruptor x3  
  161  12:52  Corruptor  
  161  12:53  Overlord  
Tags
 
Add a new tag
Caveats
  • Supply blocks, unpowered buildings, or Contaminate may cause inaccurate times.
  • Supply counts are checked every 10 seconds.